 Dungeon Crawl Stone Soup version 0.31-a0-986-g5e6e4ef867 (webtiles) character file.

Game seed: 8101214968574233998

43 dialectric the Cudgeller (level 4, -8/40 HPs)
             Began as a Meteoran Berserker on Nov 19, 2023.
             Was a Follower of Trog.
             Mangled by an orc
             ... wielding a +0 war axe
              (10 damage)
             ... on level 3 of the Dungeon.
             The game lasted 00:01:24 (392 turns).

dialectric the Cudgeller (Meteoran Berserker)        Turns: 392, Time: 00:01:25

Health: -8/40      AC:  3    Str: 21    XL:     4   Next: 6%
Magic:  5/5        EV: 12    Int:  8    God:    Trog [*.....]
Gold:   71         SH:  0    Dex: 13    Spells: 3/3 levels left

rFire   . . .        j - +0 mace (heavy)
rCold   . . .        (no shield)
rNeg    . . .        f - +0 leather armour
rPois   .            (no helmet)
rElec   .            (no cloak)
rCorr   .            (no gloves)
SInv    .            (no boots)
Will    .....        (no amulet)
Stlth   +            (no ring)
HPRegen 0.26/turn    (no ring)
MPRegen 0.09/turn

%: no passive effects
@: glowing
A: sense surroundings 1, otherworldly, glowing, explore regen
a: Renounce Religion, Berserk


You were on level 3 of the Dungeon.
You worshipped Trog.
Trog was aware of your devotion.
You visited 1 branch of the dungeon, and saw 3 of its levels.

You collected 71 gold pieces.

Inventory:

Hand Weapons
 a - a +0 mace
 j - a +0 heavy mace (weapon)
Armour
 b - a +0 animal skin
 f - a +0 leather armour (worn)
 h - a +0 ring mail
Scrolls
 d - a scroll of torment {unknown}
 i - a scroll of blinking {unknown}
Potions
 c - a potion of brilliance {unknown}
 e - a potion of ambrosia {unknown}


   Skills:
 + Level 4.0 Fighting
 + Level 4.8 Maces & Flails
 + Level 2.4 Armour
 + Level 2.5 Dodging


You had 3 spell levels left.
You didn't know any spells.
Your spell library was empty.

Dungeon Overview and Level Annotations

Branches:
Dungeon (3/15) Zot: 1389

Altars:


Innate Abilities, Weirdness & Mutations

You passively map a small area around you.
You are easily found by Zot.
You glow in the dark.
You regain HP and MP as you explore.


Message History

You are too confused!
You feel less confused. The orc misses you.
The orc wizard hits you but does no damage.
Unknown command.
You closely miss the orc wizard. The orc closely misses you.
The orc wizard hits you with a +0 dagger.
The orc hits you with a +0 war axe.
The orc wizard hits you with a +0 dagger.
You sock the orc wizard!
The orc wizard is almost dead.
The orc hits you with a +0 war axe.
* * * LOW HITPOINT WARNING * * *
The orc wizard hits you with a +0 dagger.
* * * LOW HITPOINT WARNING * * *
The orc closely misses you.
It was a potion of curing.
You feel better.
The orc wizard hits you but does no damage.
The orc barely misses you.
Unknown command.
You bludgeon the orc wizard!!
You kill the orc wizard!
Trog accepts your kill.
Trog appreciates your killing of a magic user.
The orc barely misses you.
Your Fighting skill increases to level 4!
You have reached level 4!
You completely miss the orc. The orc misses you. The orc barely misses you.
You hit the orc.
The orc is heavily wounded.
The orc misses you. The orc hits you with a +0 war axe.
* * * LOW HITPOINT WARNING * * *
You hit the orc but do no damage.
The orc is heavily wounded.
The orc hits you with a +0 war axe!
* * * LOW HITPOINT WARNING * * *
You barely miss the orc.
The orc is heavily wounded.
The orc closely misses you. The orc hits you with a +0 war axe!
You die...

#####.....#.......## , ,
*#.###.#.#####.# , *
#.#......# #<#.#.#.<# * ,
, # #.....#..# ,, ,*..,
.##.....#..# * * ...
........#..# ,,, .... **
.......##(.#.######...##
,
.........@.#......o.....
.........o)####.........
, *,,
,..............o.........
,
..........#####.........
, #.........# #.........
#.........# #.........
..........# #.........
..........# #.........
......##### .?........


You could see an orc.

Vanquished Creatures
  An orc wizard (D:3)
  A dart slug (D:2)
  An orc (D:3)
  4 endoplasms
  2 giant cockroaches (D:2)
  A jackal (D:2)
  A ball python (D:1)
  A frilled lizard (D:2)
  2 kobolds
  2 rats
16 creatures vanquished.

Notes
Turn   | Place    | Note
-------+----------+-------------------------------------------
     0 | D:1      | dialectric the Meteoran Berserker began the quest for the
                  | Orb.
     0 | D:1      | Reached XP level 1. HP: 19/19 MP: 2/2
   200 | D:2      | Reached XP level 2. HP: 26/26 MP: 3/3
   357 | D:3      | Reached XP level 3. HP: 19/33 MP: 4/4
   389 | D:3      | Reached XP level 4. HP: 13/40 MP: 5/5
   391 | D:3      | HP: 2/40 [orc/+0 war axe (8)]
   392 | D:3      | Mangled by an orc

Illustrated notes

Levels and vault maps discovered:
D:1:      saegor_arrival_simple_e, layout_basic
D:2:      cheibrodos_pilgrimage, layout_loops_cross, corner_web_ring,
          kennysheep_generic_room_14
D:3:      layout_basic, amcnicky_altar_gilded, nicolae_kite_square_tiling_tiny

Skill      XL: |  1  2  3 |
---------------+----------+-----
Fighting       | 4 |  4.0
Maces & Flails | |  4.8
Armour         | |  2.4
Dodging        | |  2.5

Action                     |  1- 3 |  4- 6 || total
---------------------------+-------+-------++-------
  Melee: Mace              |    47 |     4 ||    51
    Use: Potion            |     1 |       ||     1
 Armour: Animal skin       |     7 |       ||     7
         Leather armour    |    31 |     3 ||    34
  Dodge: Dodged            |    36 |     4 ||    40

Table legend: (Time is in decaauts)
 A = Elapsed time spent in this place.
 B = Non-inter-level travel time spent in this place.
 C = Inter-level travel time spent in this place.
 D = Time resting spent in this place.
 E = Time spent auto-exploring this place.
 F = Levels seen in this place.
 G = Mean time per level.
                   A        B        C        D        E       F      G
               +--------+--------+--------+--------+--------+-----+--------+
         Total |    408 |    408 |      0 |      0 |    104 |   3 |  136.0 |
       Dungeon |    408 |    408 |      0 |      0 |    104 |   3 |  136.0 |
               +--------+--------+--------+--------+--------+-----+--------+

Top non-repeatable levels by time:
     D:2: 190 daAuts
     D:1: 142 daAuts
     D:3: 75 daAuts
